 Dungeon Crawl Stone Soup version 0.20-a0-148-gb6cfb21 (webtiles) character file.

35 Kikal the Vexing (level 3, 0/14 HPs)
             Began as a Felid Enchanter on Nov 21, 2016.
             Slain by an adder (3 damage)
             ... on level 2 of the Dungeon.
             The game lasted 00:16:21 (2386 turns).

Kikal the Vexing (Felid Enchanter)                  Turns: 2386, Time: 00:16:21

Health: 0/14       AC:  1    Str:  4    XL:     3   Next: 17%
Magic:  1/7        EV: 18    Int: 16    God:
Gold:   102        SH:  0    Dex: 17    Spells: 0/6 levels left
                                        Lives:  0   Deaths: 0

rFire  . . .     SeeInvis +       - Unarmed
rCold  . . .     Gourm    .     (armour unavailable)
rNeg   . . .     Faith    .     (shield unavailable)
rPois  .         Spirit   .     (helmet unavailable)
rElec  .         Reflect  .     (cloak unavailable)
rCorr  .         Harm     .     (gloves unavailable)
MR     .....                    (boots unavailable)
Stlth  +++.......               (no amulet)
                                (no ring)
                                (no ring)

@: lethally poisoned (0 -> -2), very slightly contaminated, quick
A: no armour, no weapons or thrown items, stealth, claws 1, fangs 3, see
invisible, carnivore 3, speed 1, shaggy fur 1, slow metabolism 1, sharp paws
a: no special abilities


You were on level 2 of the Dungeon.
You were completely stuffed.

You visited 1 branch of the dungeon, and saw 2 of its levels.

You collected 102 gold pieces.

Inventory:

Scrolls
 c - a scroll of noise {unknown}
 i - a scroll of enchant weapon {unknown}
Potions
 d - a potion of lignification {unknown}
 e - a potion of curing {unknown}
 h - a potion of ambrosia {unknown}
Books
 a - a book of Maledictions

   Spells                             Type                      Level
   a - Corona                         Hexes                        1
   b - Ensorcelled Hibernation        Hexes/Ice                    2
   c - Confuse                        Hexes                        3
   d - Tukima's Dance                 Hexes                        3
   e - Dazzling Spray                 Conjuration/Hexes            3
Comestibles
 b - 2 meat rations
 f - 4 chunks of flesh
 g - a beef jerky


   Skills:
 - Level 2.6 Dodging
 + Level 5.0 Stealth
 - Level 1.0 Unarmed Combat
 + Level 2.0 Spellcasting
 - Level 5.5 Hexes


You couldn't memorise any spells.
You knew the following spells:

 Your Spells              Type           Power        Failure   Level  Hunger
a - Corona                Hex            ###....      1%          1    #......
b - Ensorcelled Hibernat  Hex/Ice        ##....       12%         2    ###....
c - Confuse               Hex            ###.....     8%          3    ###....


Dungeon Overview and Level Annotations

Branches:
Dungeon (2/15)

Altars:

Annotations:
D:2 exclusion: adder


Innate Abilities, Weirdness & Mutations

You cannot wear armour.
You are incapable of wielding weapons or throwing items.
Your paws allow you to move quietly. (Stealth)
You have sharp claws.
You have razor-sharp teeth.
You have supernaturally acute eyesight. (SInv)
You are carnivorous and can eat meat at any time.
You cover ground quickly.
You are covered in fur. (AC +1)
You have a slow metabolism.
Your sharp claws are effective at attacking unaware monsters.


Message History

Confirm with . or Enter, or press ? or * to list all spells.
Aiming: Ensorcelled Hibernation
Press: ? - help, Shift-Dir - straight line, f/p - adder
Aim: an adder (chance to defeat MR: 50%)
You miscast Ensorcelled Hibernation.
You are very lightly contaminated with residual magic.
You feel uncomfortably cold.
You feel sick. The adder completely misses you.
Casting: Ensorcelled Hibernation
Confirm with . or Enter, or press ? or * to list all spells.
Aiming: Ensorcelled Hibernation
Press: ? - help, Shift-Dir - straight line, f/p - adder
Aim: an adder (chance to defeat MR: 50%)
The adder resists with some effort.
The adder misses you.
Casting: Ensorcelled Hibernation
Confirm with . or Enter, or press ? or * to list all spells.
Aiming: Ensorcelled Hibernation
Press: ? - help, Shift-Dir - straight line, f/p - adder
Aim: an adder (chance to defeat MR: 50%)
The adder resists with some effort.
The adder bites you.
You die...

# #....................#
#.########..##.#.##....######.#
#..............).##....# #.#
#....#.###..##.####...## #.#
###.# #.[..>.)...# ##.## #.#
.#..###..###..#### #.# #.#
.........# #..# #.# #.#
##.......# #..########.# #.#
#...##### #...S@......# #.#
#...########.########.# #.#
#>...........# #.# #.#
##.#.########## #.# #.# ...#.#
#.# #<# ####.# #.########.# #.#
#..........# #.# #.##########
#.. #.....#


You could see an adder.

Vanquished Creatures
  An ooze (D:1)
  2 dart slugs (D:1)
  2 leopard geckos
  A bat (D:1)
  2 giant cockroaches (D:1)
  4 goblins (D:1)
  5 hobgoblins
  A ball python (D:2)
  A frilled lizard (D:1)
  2 kobolds (D:1)
  3 rats (D:1)
24 creatures vanquished.

Notes
Turn   | Place    | Note
-------+----------+-------------------------------------------
     0 | D:1      | Kikal the Felid Enchanter began the quest for the Orb.
     0 | D:1      | Reached XP level 1. HP: 7/7 MP: 4/4
   233 | D:1      | Reached XP level 2. HP: 8/11 MP: 4/6
   376 | D:1      | Learned a level 2 spell: Ensorcelled Hibernation
   408 | D:1      | Reached skill level 5 in Hexes
  1768 | D:1      | Reached XP level 3. HP: 6/14 MP: 4/7
  1951 | D:1      | Learned a level 3 spell: Confuse
  2170 | D:2      | Reached skill level 5 in Stealth
  2386 | D:2      | Slain by an adder

Vault maps used:
D:1:      moated_graveyard_arrival
D:2:      supply_closet_lemuel, kennysheep_cluttered_room

Skill      XL: |  1  2  3 |
---------------+----------+-----
Hexes          | 5 |  5.5
Stealth        | 5 |  5.0
Dodging        | |  2.6
Unarmed Combat | |  1.0
Spellcasting   | |  2.0

Action                   || total
-------------------------++-------
Melee: Unarmed           ||    66
       Bite              ||     4
 Cast: Corona            ||     7
       Ensorcelled Hiber ||    25
 Stab: Distracted        ||     1
       Sleeping          ||    15
  Eat: Chunk             ||    12
Armor: Skin              ||     2
Dodge: Dodged            ||    62
